 Dungeon Crawl Stone Soup version 0.26-a0-958-gf3041fb45f (webtiles) character file.

Game seed: 13307885056580306982

226 Alado the Conjurer (level 5, -11/39 HPs)
             Began as a Draconian Conjurer on Nov 30, 2020.
             Killed by divine providence
             ... invoked by an orc priest
              (14 damage)
             ... on level 2 of the Dungeon.
             The game lasted 00:13:37 (2416 turns).

Alado the Conjurer (Draconian Conjurer)             Turns: 2416, Time: 00:13:37

Health: -11/39     AC:  5    Str:  9    XL:     5   Next: 69%
Magic:  1/9        EV: 12    Int: 19    God:
Gold:   73         SH:  0    Dex: 10    Spells: 7/10 levels left

rFire    . . .     SeeInvis .   d - +0 flail
rCold    . . .     Faith    .   (no shield)
rNeg     . . .     Spirit   .   (armour unavailable)
rPois    .         Reflect  .   (helmet restricted)
rElec    .         Harm     .   (no cloak)
rCorr    .         Rampage  .   (no gloves)
MR       .....                  (no boots)
Stlth    ++........             (no amulet)
HPRegen  0.13/turn              (no ring)
MPRegen  0.11/turn              (no ring)

@: about to teleport
A: unfitting armour, cold-blooded, AC +5
a: no special abilities


You were on level 2 of the Dungeon.
You visited 1 branch of the dungeon, and saw 3 of its levels.

You collected 73 gold pieces.

Inventory:

Hand Weapons
 a - a +0 club
 d - a +0 flail (weapon)
Missiles
 e - 2 atropa-tipped darts (quivered)
Jewellery
 c - a +6 ring of dexterity {unknown}
Potions
 f - a potion of curing


   Skills:
 + Level 0.9 Fighting
 + Level 1.8 Maces & Flails
 + Level 2.2 Dodging
 + Level 2.1 Stealth
 + Level 0.6 Unarmed Combat
 + Level 3.0 Spellcasting
 + Level 5.5 Conjurations


You had 7 spell levels left.
You knew the following spells:

 Your Spells              Type           Power        Failure   Level
a - Magic Dart            Conj           ###.         1%          1
b - Searing Ray           Conj           ###...       2%          2

Your spell library contained the following spells:

 Spells                   Type           Power        Failure   Level
 Dazzling Flash           Conj/Hex       ##....       14%         3
 Fulminant Prism          Conj/Hex       ##........   43%         4
 Iskenderun's Mystic Bla  Conj/Tloc      ##......     43%         4


Dungeon Overview and Level Annotations

Branches:
Dungeon (3/15)

Altars:
Kikubaaqudgha


Innate Abilities, Weirdness & Mutations

Your plain brown scales are hard. (AC +5)
You cannot fit into any form of body armour.
You are cold-blooded and may be slowed by cold attacks.


Message History

Beogh smites you!
* * * LOW HITPOINT WARNING * * *
The orc priest closely misses you.
Without enough magic to sustain it, your searing ray dissipates.
The orc priest hits you but does no damage.
The orc priest misses you. The orc priest barely misses you.
You climb upwards.
There is a stone staircase leading down here.
As you read the scroll of teleportation, it crumbles to dust.
You feel strangely unstable.
The orc priest hits you with a +0 war axe!
* * * LOW HITPOINT WARNING * * *
The orc priest hits you but does no damage.
Your magical contamination has completely faded away.
The orc priest calls upon Beogh to heal the orc priest.
The orc priest is healed somewhat.
The orc priest casts a cantrip, but nothing happens.
The orc priest mumbles some strange prayers to Beogh against you.
Beogh smites you!
You die...

..........####.# #..# #
#..............# #..# #
#..####.######.# #..# # #..# #.#
#.# #..# #..# #.# #.# ###..# #..#
#.# #.# #....# ...####.# #.#
#.##.###
.....##.######.########.##.#.##
##.#.##......#..@.>o..........##
...#.#######.####.o####.##.....##
)............# #..# #.#........
......<.###### #..# #.##.....##
#..#.##.# #..# #.###...##
...#.##.# #..# #.####)##
#.##.##.# #..# #...##.# #[##.##.#
#..# #......#
.....##†#########..# #.#.####


You could see 2 orc priests.

Vanquished Creatures
  2 vampire bats (D:2)
  An orc wizard (D:2)
  4 gnolls (D:2)
  3 adders (D:2)
  2 oozes
  A worm (D:2)
  2 orcs (D:3)
  10 bats
  2 bat skeletons (D:2)
  4 bat zombies (D:2)
  6 goblins
  6 hobgoblins
  A frilled lizard (D:1)
  4 kobolds
  4 rats
52 creatures vanquished.

Notes
Turn   | Place    | Note
-------+----------+-------------------------------------------
     0 | D:1      | Alado the Draconian Conjurer began the quest for the Orb.
     0 | D:1      | Reached XP level 1. HP: 14/14 MP: 3/3
   200 | D:1      | Reached XP level 2. HP: 20/20 MP: 0/5
   203 | D:1      | Learned a level 2 spell: Searing Ray
  1052 | D:2      | Reached XP level 3. HP: 26/26 MP: 1/6
  1105 | D:2      | Reached skill level 5 in Conjurations
  1120 | D:2      | Reached XP level 4. HP: 12/33 MP: 0/7
  1373 | D:2      | Reached skill level 1 in Maces & Flails
  1591 | D:2      | Found an ancient bone altar of Kikubaaqudgha.
  1610 | D:2      | Reached XP level 5. HP: 39/39 MP: 1/9
  2416 | D:2      | Killed from afar by an orc priest

Illustrated notes

Levels and vault maps discovered:
D:1:      giann_horns, layout_rooms
D:2:      layout_loops_ring, kennysheep_vampire_church, minmay_tripent
D:3:      layout_loops_ring, cheibriados_altar_1, uniq_natasha

Skill      XL: |  1  2  3  4  5 |
---------------+----------------+-----
Conjurations   | 5 |  5.5
Stealth        | 2 |  2.1
Maces & Flails | 1 |  1.8
Dodging        | 2 |  2.2
Spellcasting   | 3 |  3.0
Fighting       | |  0.9
Unarmed Combat | |  0.6

Action                   |  1- 3 |  4- 6 || total
-------------------------+-------+-------++-------
Melee: Unarmed           |     9 |       ||     9
       Tailslap          |     2 |     1 ||     3
       Club              |    17 |       ||    17
       Flail             |       |    27 ||    27
Throw: Dart              |       |     2 ||     2
 Cast: Magic Dart        |    40 |    29 ||    69
       Searing Ray       |     1 |     8 ||     9
  Use: Scroll            |     5 |     2 ||     7
       Potion            |     2 |     1 ||     3
Armor: Skin              |     4 |    21 ||    25
Dodge: Dodged            |    17 |    58 ||    75

Table legend: (Time is in decaauts)
 A = Elapsed time spent in this place.
 B = Non-inter-level travel time spent in this place.
 C = Inter-level travel time spent in this place.
 D = Time resting spent in this place.
 E = Time spent auto-exploring this place.
 F = Levels seen in this place.
 G = Mean time per level.
                   A        B        C        D        E       F      G
               +--------+--------+--------+--------+--------+-----+--------+
         Total |   2430 |   2384 |     46 |    898 |   1211 |   3 |  810.0 |
       Dungeon |   2430 |   2384 |     46 |    898 |   1211 |   3 |  810.0 |
               +--------+--------+--------+--------+--------+-----+--------+

Top non-repeatable levels by time:
     D:2: 1593 daAuts
     D:1: 825 daAuts
     D:3: 12 daAuts
